General information
- name: BNet
- type: Ladder team game (AT/RT)
- host: Battle.net
- saver: lolwhyrumadtho
map: Deadlock
- players: 8
- length: 18:07
- speed: Fast
- version: 1.28 W3XP
- replay type: Public
» download(183 KB)
Players
team 1 (loser)

»
phildeez (
red | 54 APM | 843 actions | 15:43)
5 Demon Hunter
3 Mana Burn
2 Evasion
» actions
| Assign group hotkey | 16 | |
| Basic commands | 100 | |
| Build / train | 76 | |
| ESC pressed | 2 | |
| Enter build submenu | 14 | |
| Enter hero's abilities submenu | 5 | |
| Right click | 157 | |
| Select / deselect | 233 | |
| Select group hotkey | 179 | |
| Use ability | 61 | |
843 total
» units
| Wisp | 21 | |
| Archer | 6 | |
| Dryad | 5 | |
| Druid of the Talon | 7 | |
| Druid of the Claw | 2 | |
41 total
» upgrades
| Druid of the Talon Training | 2 | |
| Abolish Magic | 1 | |
| Strength of the Wild | 3 | |
| Nature's Blessing | 1 | |
| Druid of the Claw Training | 2 | |
| Reinforced Hides | 2 | |
| Mark of the Claw | 1 | |
| Mark of the Talon | 1 | |
13 total
» buildings
| Ancient of War | 1 | |
| Moon Well | 6 | |
| Altar of Elders | 1 | |
| Ancient of Wonders | 1 | |
| Tree of Ages | 2 | |
| Hunter's Hall | 1 | |
| Tree of Life | 1 | |
| Ancient of Lore | 2 | |
| Ancient of Wind | 1 | |
| Tree of Eternity | 2 | |
18 total
» build order
00:37 Ancient of War
00:48 Moon Well
01:06 Altar of Elders
01:30 Ancient of Wonders
01:38 Moon Well
02:54 Tree of Ages
02:54 Tree of Ages
04:09 Hunter's Hall
04:32 Tree of Life
06:16 Ancient of Lore
06:16 Ancient of Lore
06:20 Ancient of Wind
06:30 Moon Well
08:15 Tree of Eternity
08:15 Tree of Eternity
09:50 Moon Well
09:51 Moon Well
09:52 Moon Well
» items
| Staff of Preservation | 1 | |
| Scroll of Town Portal | 4 | |
| Anti-magic Potion | 1 | |
6 total

»
Dabu (
green | 62 APM | 1125 actions | 18:06)
3 Death Knight
2 Death Coil
1 Unholy Aura
1 Dreadlord
1 Sleep
» actions
| Assign group hotkey | 40 | |
| Basic commands | 26 | |
| Build / train | 70 | |
| ESC pressed | 7 | |
| Enter build submenu | 46 | |
| Enter hero's abilities submenu | 4 | |
| Give item / drop item | 1 | |
| Right click | 321 | |
| Select / deselect | 248 | |
| Select group hotkey | 302 | |
| Use ability | 60 | |
1125 total
» units
| Acolyte | 21 | |
| Ghoul | 4 | |
| Crypt Fiend | 11 | |
36 total
» upgrades
| Creature Attack | 2 | |
| Creature Carapace | 2 | |
| Web | 1 | |
| Burrow | 1 | |
6 total
» buildings
| Ziggurat | 21 | |
| Crypt | 2 | |
| Graveyard | 1 | |
| Altar of Darkness | 1 | |
| Tomb of Relics | 2 | |
| Nerubian Tower | 2 | |
| Spirit Tower | 7 | |
| Halls of the Dead | 2 | |
| Necropolis | 1 | |
| Black Citadel | 3 | |
| Sacrificial Pit | 1 | |
| Boneyard | 2 | |
45 total
» build order
00:10 Ziggurat
00:15 Crypt
00:52 Graveyard
01:02 Altar of Darkness
01:29 Ziggurat
02:08 Tomb of Relics
02:55 Ziggurat
04:02 Nerubian Tower
04:39 Spirit Tower
05:23 Halls of the Dead
05:23 Halls of the Dead
06:16 Ziggurat
06:46 Ziggurat
08:21 Necropolis
08:57 Spirit Tower
09:40 Ziggurat
09:42 Ziggurat
09:43 Ziggurat
09:47 Ziggurat
10:08 Ziggurat
10:09 Ziggurat
10:42 Spirit Tower
10:48 Spirit Tower
11:02 Spirit Tower
11:08 Spirit Tower
11:27 Black Citadel
11:28 Black Citadel
11:52 Ziggurat
11:53 Ziggurat
11:54 Ziggurat
12:00 Tomb of Relics
12:15 Sacrificial Pit
13:03 Spirit Tower
14:05 Black Citadel
14:07 Ziggurat
14:34 Nerubian Tower
15:33 Ziggurat
16:34 Crypt
16:45 Ziggurat
16:47 Ziggurat
16:49 Ziggurat
16:51 Boneyard
17:05 Boneyard
18:00 Ziggurat
18:01 Ziggurat
» items
| Dust of Appearance | 1 | |
| Potion of Healing | 4 | |
| Orb of Corruption | 1 | |
| Scroll of Town Portal | 1 | |
7 total
StanisBaratheon (
pink | 61 APM | 1109 actions | 18:04)
3 Mountain King
2 Storm Bolt
1 Thunder Clap
1 Paladin
1 Holy Light
» actions
| Basic commands | 49 | |
| Build / train | 72 | |
| Enter build submenu | 26 | |
| Enter hero's abilities submenu | 4 | |
| Right click | 490 | |
| Select / deselect | 428 | |
| Use ability | 40 | |
1109 total
» units
| Peasant | 31 | |
| Footman | 12 | |
| Knight | 7 | |
| Siege Engine | 1 | |
51 total
» upgrades
» buildings
| Altar of Kings | 1 | |
| Barracks | 2 | |
| Farm | 6 | |
| Lumber Mill | 1 | |
| Keep | 1 | |
| Town Hall | 1 | |
| Castle | 1 | |
| Scout Tower | 11 | |
| Guard Tower | 9 | |
| Arcane Tower | 1 | |
| Blacksmith | 1 | |
| Arcane Vault | 1 | |
| Workshop | 2 | |
38 total
» build order
00:08 Altar of Kings
00:10 Barracks
00:22 Farm
01:00 Farm
01:36 Farm
02:21 Farm
05:13 Lumber Mill
05:18 Keep
05:26 Town Hall
08:47 Farm
09:41 Castle
09:45 Scout Tower
09:51 Scout Tower
09:54 Scout Tower
09:59 Scout Tower
10:04 Scout Tower
10:12 Guard Tower
10:23 Guard Tower
10:31 Guard Tower
10:32 Arcane Tower
10:43 Guard Tower
11:28 Blacksmith
11:42 Arcane Vault
12:49 Scout Tower
13:16 Barracks
13:30 Scout Tower
13:31 Guard Tower
13:59 Guard Tower
14:02 Scout Tower
14:04 Scout Tower
14:50 Guard Tower
14:51 Guard Tower
14:52 Scout Tower
15:24 Workshop
16:04 Guard Tower
16:06 Scout Tower
16:17 Workshop
17:34 Farm

»
myboiii (
yellow | 50 APM | 786 actions | 15:49)
3 Death Knight
2 Death Coil
1 Unholy Aura
» actions
| Assign group hotkey | 7 | |
| Basic commands | 20 | |
| Build / train | 38 | |
| ESC pressed | 1 | |
| Enter build submenu | 25 | |
| Enter hero's abilities submenu | 3 | |
| Right click | 450 | |
| Select / deselect | 134 | |
| Select group hotkey | 64 | |
| Use ability | 44 | |
786 total
» units
| Acolyte | 21 | |
| Ghoul | 2 | |
| Crypt Fiend | 3 | |
26 total
» buildings
| Crypt | 2 | |
| Altar of Darkness | 1 | |
| Ziggurat | 9 | |
| Graveyard | 1 | |
| Tomb of Relics | 2 | |
| Nerubian Tower | 2 | |
| Spirit Tower | 3 | |
| Halls of the Dead | 1 | |
| Necropolis | 1 | |
22 total
» build order
00:15 Crypt
00:21 Altar of Darkness
00:44 Ziggurat
01:06 Graveyard
01:35 Tomb of Relics
01:57 Ziggurat
02:03 Nerubian Tower
02:13 Ziggurat
02:43 Crypt
04:20 Nerubian Tower
04:22 Ziggurat
05:16 Spirit Tower
05:28 Spirit Tower
07:26 Halls of the Dead
08:59 Necropolis
09:47 Ziggurat
09:51 Ziggurat
12:23 Ziggurat
12:24 Ziggurat
14:25 Spirit Tower
14:35 Ziggurat
14:42 Tomb of Relics
» items
team 2 (winner)
Nor (
blue | 52 APM | 942 actions | 18:06)
5 Blademaster
2 Wind Walk
3 Critical Strike
2 Tauren Chieftain
1 Endurance Aura
1 Shockwave
» actions
| Basic commands | 19 | |
| Build / train | 69 | |
| Enter build submenu | 14 | |
| Enter hero's abilities submenu | 7 | |
| Give item / drop item | 1 | |
| Remove unit from queue | 4 | |
| Right click | 470 | |
| Select / deselect | 288 | |
| Use ability | 70 | |
942 total
» units
» upgrades
| Melee Weapons | 3 | |
| Ensnare | 1 | |
| Pillage | 1 | |
| Armor | 3 | |
| Ranged Weapons | 2 | |
| Envenomed Spears | 1 | |
11 total
» buildings
| Altar of Storms | 1 | |
| Orc Burrow | 5 | |
| Voodoo Lounge | 1 | |
| Stronghold | 2 | |
| Beastiary | 2 | |
| Fortress | 2 | |
| War Mill | 1 | |
| Great Hall | 1 | |
15 total
» build order
00:18 Altar of Storms
00:22 Orc Burrow
01:05 Voodoo Lounge
02:00 Orc Burrow
02:25 Stronghold
02:25 Stronghold
04:08 Orc Burrow
04:47 Beastiary
04:50 Beastiary
04:52 Fortress
04:52 Fortress
04:57 War Mill
05:05 Orc Burrow
06:44 Orc Burrow
11:46 Great Hall
» items
| Healing Salve | 3 | |
| Lesser Clarity Potion | 1 | |
| Scroll of Speed | 3 | |
| Scroll of Town Portal | 1 | |
| Orb of Lightning | 1 | |
9 total
lolwhyrumadtho (
orange | 68 APM | 1238 actions | 18:07)
6 Blood Mage
3 Flame Strike
2 Siphon Mana
1 Summon Phoenix
» actions
| Assign group hotkey | 67 | |
| Basic commands | 27 | |
| Build / train | 65 | |
| Enter build submenu | 25 | |
| Enter hero's abilities submenu | 6 | |
| Give item / drop item | 3 | |
| Right click | 466 | |
| Select / deselect | 228 | |
| Select group hotkey | 278 | |
| Use ability | 73 | |
1238 total
» units
| Peasant | 17 | |
| Footman | 4 | |
| Sorceress | 8 | |
29 total
» upgrades
| Lumber Harvesting | 2 | |
| Masonry | 3 | |
| Sorceress Training | 2 | |
| Magic Sentry | 1 | |
8 total
» buildings
| Altar of Kings | 1 | |
| Barracks | 1 | |
| Farm | 5 | |
| Scout Tower | 12 | |
| Keep | 1 | |
| Arcane Vault | 1 | |
| Lumber Mill | 2 | |
| Town Hall | 1 | |
| Arcane Tower | 2 | |
| Arcane Sanctum | 2 | |
| Guard Tower | 4 | |
| Castle | 1 | |
33 total
» build order
00:50 Altar of Kings
00:52 Barracks
00:54 Farm
00:54 Farm
01:05 Farm
01:06 Farm
02:15 Scout Tower
03:35 Keep
03:47 Arcane Vault
04:02 Lumber Mill
04:12 Town Hall
04:57 Scout Tower
04:59 Scout Tower
05:00 Scout Tower
05:02 Scout Tower
05:41 Arcane Tower
05:43 Lumber Mill
05:47 Arcane Tower
06:22 Arcane Sanctum
06:58 Arcane Sanctum
07:31 Guard Tower
08:33 Castle
09:47 Scout Tower
09:48 Scout Tower
09:48 Scout Tower
09:48 Scout Tower
10:04 Farm
10:58 Guard Tower
11:32 Scout Tower
11:32 Scout Tower
11:32 Scout Tower
12:19 Guard Tower
12:21 Guard Tower
» items
| Staff of Teleportation | 1 | |
| Periapt of Vitality | 1 | |
| Potion of Invisibility | 4 | |
| Potion of Lesser Invulnerability | 2 | |
| Potion of Healing | 1 | |
| Potion of Mana | 2 | |
| Scroll of Town Portal | 2 | |
13 total

»
warriors (
purple | 31 APM | 555 actions | 18:06)
4 Demon Hunter
2 Mana Burn
2 Evasion
» actions
| Build / train | 72 | |
| Enter build submenu | 25 | |
| Enter hero's abilities submenu | 4 | |
| Give item / drop item | 1 | |
| Right click | 166 | |
| Select / deselect | 254 | |
| Use ability | 33 | |
555 total
» units
| Wisp | 19 | |
| Archer | 20 | |
| Hippogryph | 13 | |
52 total
» upgrades
| Strength of the Moon | 3 | |
| Moon Armor | 3 | |
| Improved Bows | 1 | |
| Hippogryph Taming | 1 | |
| Ultravision | 1 | |
| Marksmanship | 1 | |
| Well Spring | 1 | |
11 total
» buildings
| Altar of Elders | 1 | |
| Moon Well | 9 | |
| Ancient of War | 1 | |
| Hunter's Hall | 1 | |
| Tree of Ages | 1 | |
| Tree of Life | 1 | |
| Ancient of Wind | 2 | |
| Ancient of Wonders | 1 | |
| Tree of Eternity | 1 | |
18 total
» build order
00:28 Altar of Elders
00:38 Moon Well
00:45 Moon Well
00:55 Ancient of War
01:55 Moon Well
02:46 Hunter's Hall
02:50 Moon Well
03:50 Moon Well
03:52 Tree of Ages
05:04 Moon Well
05:19 Tree of Life
06:02 Moon Well
06:31 Ancient of Wind
06:38 Ancient of Wonders
06:59 Moon Well
08:04 Moon Well
08:34 Tree of Eternity
09:02 Ancient of Wind
» items
| Orb of Venom | 1 | |
| Potion of Healing | 1 | |
2 total
123123 (
teal | 87 APM | 1571 actions | 18:06)
4 Archmage
2 Summon Water Elemental
2 Brilliance Aura
2 Mountain King
1 Storm Bolt
1 Bash
» actions
| Assign group hotkey | 100 | |
| Basic commands | 113 | |
| Build / train | 68 | |
| Enter build submenu | 28 | |
| Enter hero's abilities submenu | 6 | |
| Right click | 534 | |
| Select / deselect | 303 | |
| Select group hotkey | 350 | |
| Use ability | 68 | |
1571 total
» units
| Peasant | 9 | |
| Footman | 4 | |
| Priest | 5 | |
| Sorceress | 2 | |
| Rifleman | 2 | |
| Knight | 5 | |
| Spell Breaker | 3 | |
30 total
» upgrades
| Swords | 3 | |
| Priest Training | 2 | |
| Sorceress Training | 2 | |
| Animal War Training | 1 | |
8 total
» buildings
| Altar of Kings | 1 | |
| Farm | 9 | |
| Barracks | 1 | |
| Keep | 2 | |
| Lumber Mill | 1 | |
| Scout Tower | 3 | |
| Arcane Tower | 2 | |
| Blacksmith | 2 | |
| Arcane Sanctum | 2 | |
| Castle | 2 | |
| Arcane Vault | 1 | |
| Guard Tower | 1 | |
27 total
» build order
00:11 Altar of Kings
00:14 Farm
00:33 Barracks
00:51 Farm
01:36 Farm
02:24 Farm
03:15 Farm
03:16 Farm
03:20 Keep
03:20 Keep
03:24 Lumber Mill
03:36 Scout Tower
04:15 Arcane Tower
04:15 Arcane Tower
05:03 Blacksmith
05:06 Blacksmith
06:14 Arcane Sanctum
06:34 Castle
06:34 Castle
06:37 Arcane Sanctum
08:42 Arcane Vault
09:17 Farm
09:19 Farm
09:22 Farm
11:23 Scout Tower
11:25 Scout Tower
13:59 Guard Tower
» items
| Scroll of Town Portal | 1 | |
| Potion of Healing | 1 | |
| Orb of Fire | 1 | |
| Potion of Lesser Invulnerability | 1 | |
4 total
Chat log
(00:08 / All) 123123: eating pho makes u high
(00:15 / All) StanisBaratheon: its the msg
(00:22 / All) 123123: cloves
(00:40 / All) 123123: i haven'et taken a hot shower since 2016
(00:55 / All) StanisBaratheon: ive bee ntaking cold showers, fuck this head
(01:11 / All) 123123: Cedar Park Texas anyone?
(01:17 / All) 123123: oh hell this lag is unbearable
(01:19 / All) StanisBaratheon: St. marys ohio, land of retarded rural bullshit
(01:20 / Allies) Nor: how do people lag in this game
(01:26 / All) 123123: well im on linux
(01:27 / All) 123123: ubuntu
(01:32 / All) 123123: and its not recognizing my wireless adapter well
(01:55 / All) StanisBaratheon: Everyone ready for season 7 tomorrow/
(02:03 / All) 123123: when is 50ms coming out?
(02:11 / All) 123123: we are at 100ms right now
(02:24 / All) lolwhyrumadtho: got sux
(02:41 / All) lolwhyrumadtho: the books r better
(02:49 / All) 123123: Aspbergers if when the actual individual is a host for sex parties. And uses accumulation of gas to instigate an amphetamines,
(03:05 / All) 123123: then has sex parties when the individual goes to sleep, thus waking up and resetting everything
(04:03 / All) StanisBaratheon: Green
(04:07 / All) 123123: 40mg of vyvanse and 10mg of lexapro is known as a cuck's-dream
(04:46 / All) 123123: Vaccinations lifetime-irritate autism by supply individual with paralyzed-organisms into the sex party
(06:30 / All) 123123: Allison Stokke is currently the most attractive female on planet earth
(06:57 / All) 123123: pho, a legal vietnamese dish, makes you high, becasue of the cloves
(07:23 / All) 123123: If you play wc3, you probably have fast-twitch muscle fibers, and play at about 70apm
(07:56 / Allies) warriors: gold plz 100
(08:03 / All) 123123: The way to become a pro at any RTS game is to have a fat-soluble like play-style
(08:06 / All) 123123: not water solube
(08:11 / All) 123123: (think brownies, not waterfalls)
(08:11 / Allies) warriors: ty
(09:34 / All) StanisBaratheon: fUCKED up
(10:49 / All) 123123: FUCK
(10:58 / All) 123123: jsut relzingi m missing something
(10:59 / All) StanisBaratheon: Going after expos, smart.
(14:00 / Allies) lolwhyrumadtho: all tp
(14:41 / Allies) lolwhyrumadtho: it's fine I'll just remake it
(15:08 / Allies) lolwhyrumadtho: aw purp
(15:32 / All) StanisBaratheon: Theyre functioning too well as a team
(15:39 / All) Dabu: either that or hacking
(15:41 / All) Dabu: I dont see any scout
(15:42 / All) phildeez: ggs
(15:43 / All) lolwhyrumadtho: dabu
(15:44 / All) Dabu: i have shades
(15:46 / All) lolwhyrumadtho: It's me!
(15:48 / All) lolwhyrumadtho: angrypeons
(15:50 / All) Dabu: nice
(15:55 / All) 123123: oh taht's weird orange
(16:00 / All) 123123: i thought it was "lolwhyrumadtho"
(16:07 / All) lolwhyrumadtho: I'm under cover
(16:22 / All) 123123: the average age of each player here is probably like 20-24
(16:52 / All) lolwhyrumadtho: whoops
(16:55 / All) lolwhyrumadtho: fucked up my flamestrike
(17:31 / Allies) lolwhyrumadtho: easier base
(17:51 / Allies) lolwhyrumadtho: wait for purp
(17:55 / Allies) lolwhyrumadtho: come on purp
(18:01 / Allies) lolwhyrumadtho: we need ya